 Dungeon Crawl Stone Soup version 0.32-a0-329-ge6c31236d6 (webtiles) character file.

Game seed: 13490617297256151055

2 Bravepunisher the Ducker (level 1, -1/11 HPs)
             Began as a Spriggan Monk on Feb 16, 2024.
             Slain by a quokka (4 damage)
             ... on level 5 of the Dungeon.
             The game lasted 00:00:47 (216 turns).

Bravepunisher the Ducker (Spriggan Monk)             Turns: 216, Time: 00:00:47

Health: -1/11      AC:  2    Str:  7    XL:     1   Next: 25%
Magic:  2/2        EV: 18    Int: 11    God:
Gold:   15         SH:  0    Dex: 17    Spells: 0/0 levels left

rFire   . . .        a - +0 short sword
rCold   . . .        (no shield)
rNeg    . . .        b - +0 robe
rPois   .            (helmet restricted)
rElec   .            (no cloak)
rCorr   .            (gloves unavailable)
SInv    +            (boots unavailable)
Will    .....        (no amulet)
Stlth   ++           (no ring)
HPRegen 0.21/turn    (no ring)
MPRegen 0.08/turn

%: no passive effects
@: very quick
A: very small, no large weapons, unfitting armour, see invisible, speed 3
a: no special abilities


You were on level 5 of the Dungeon.
You visited 1 branch of the dungeon, and saw 6 of its levels.

You collected 15 gold pieces.

Inventory:

Hand Weapons
 a - a +0 short sword (weapon)
Armour
 b - a +0 robe (worn)
Scrolls
 d - a scroll of vulnerability {unknown}
 e - a scroll of identify {unknown}
Potions
 c - a potion of ambrosia


   Skills:
 + Level 2.4 Fighting
 - Level 3.2 Short Blades
 * Level 4.1 Dodging


You couldn't memorise any spells.
You didn't know any spells.
Your spell library was empty.

Dungeon Overview and Level Annotations

Branches:
Dungeon (6/15)
 Temple: D:4-7

Altars:


Innate Abilities, Weirdness & Mutations

You are very small and have problems with some larger weapons.
You are too small for most types of armour.
You have supernaturally acute eyesight. (SInv)
You cover ground extremely quickly. (Speed+++)


Message History

Found a stone staircase leading down.
There is a stone staircase leading up here.
There is a stone staircase leading down here.
You climb downwards.
There is a stone staircase leading up here.
You climb upwards.
There is a stone staircase leading down here.
You open the door.
There is an open door here.
You open the door.
There is an open door here.
Found 2 stones.
A quokka comes into view.
The quokka misses you.
You closely miss the quokka. The quokka closely misses you.
You hit the quokka but do no damage. The quokka barely misses you.
You hit the quokka but do no damage. The quokka bites you.
You hit the quokka.
The quokka is severely wounded.
The quokka completely misses you.
You hit the quokka.
The quokka is almost dead.
The quokka bites you.
You hit the quokka but do no damage.
The quokka is almost dead.
The quokka bites you.
You miss the quokka.
The quokka is almost dead.
The quokka bites you but does no damage.
You closely miss the quokka.
The quokka is severely wounded.
The quokka barely misses you.
You closely miss the quokka.
The quokka is severely wounded.
The quokka bites you.
* * * LOW HITPOINT WARNING * * *
You hit the quokka but do no damage.
The quokka is severely wounded.
The quokka bites you.
You die...

#........#
#........#.
#........#...
#........#....
..#'######....
..#.....##...#
..#.....##...####+###
........#...........#
....#...##......@r..#
#####...##..........#
#....##...##..##.#
#....##...##..# #
#.........(....#
#..............#
#..............#
#..............#
#..............#


You could see a quokka.

Vanquished Creatures
  A ball python (D:1)
1 creature vanquished.

Notes
Turn   | Place    | Note
-------+----------+-------------------------------------------
     0 | D:1      | Bravepunisher the Spriggan Monk began the quest for the
                  | Orb.
     0 | D:1      | Reached XP level 1. HP: 11/11 MP: 2/2
   167 | D:5      | Entered Level 5 of the Dungeon
   216 | D:5      | Slain by a quokka

Illustrated notes

Levels and vault maps discovered:
D:1:      minmay_arrival_four_circles, layout_basic, minmay_ruptured
D:2:      layout_rooms
D:3:      layout_basic, xom_confusion_cloud, shapermc_ecumenical_altar_ellora
D:4:      layout_loops_ring, minmay_temple_entry_statues_pillars,
          uniq_crazy_yiuf_cottage
D:5:      layout_gridville
D:6:      layout_loops_ring

Action                     || total
---------------------------++-------
  Melee: Short sword       ||    18
 Armour: Robe              ||     6
  Dodge: Dodged            ||    26

Table legend: (Time is in decaauts)
 A = Elapsed time spent in this place.
 B = Non-inter-level travel time spent in this place.
 C = Inter-level travel time spent in this place.
 D = Time resting spent in this place.
 E = Time spent auto-exploring this place.
 F = Levels seen in this place.
 G = Mean time per level.
                   A        B        C        D        E       F      G
               +--------+--------+--------+--------+--------+-----+--------+
         Total |    142 |    142 |      0 |      0 |     63 |   6 |   23.7 |
       Dungeon |    142 |    142 |      0 |      0 |     63 |   6 |   23.7 |
               +--------+--------+--------+--------+--------+-----+--------+

Top non-repeatable levels by time:
     D:1: 49 daAuts
     D:2: 43 daAuts
     D:5: 32 daAuts
     D:4: 10 daAuts
     D:3: 3 daAuts
     D:6: 1 daAuts
